 Dungeon Crawl Stone Soup version 0.21.1-1-g345015f (webtiles) character file.

420 Firecrotchwizard the Charmwright (level 6, -1/51 HPs)
             Began as a Gnoll Skald on Mar 29, 2018.
             Slain by a giant cockroach (2 damage)
             ... on level 4 of the Dungeon.
             The game lasted 00:07:46 (4487 turns).

Firecrotchwizard the Charmwright (Gnoll Skald)      Turns: 4487, Time: 00:07:46

Health: -1/51      AC:  5    Str: 14    XL:     6   Next: 94%
Magic:  8/14       EV: 13    Int: 17    God:
Gold:   144        SH:  0    Dex: 14    Spells: 9/15 levels left

rFire    . . .     SeeInvis .   a - +0 spear
rCold    . . .     Gourm    .   (no shield)
rNeg     . . .     Faith    .   g - +0 ring mail
rPois    .         Spirit   .   (no helmet)
rElec    .         Reflect  .   (no cloak)
rCorr    .         Harm     .   (no gloves)
MR       .....                  (no boots)
Stlth    +.........             (no amulet)
HPRegen  0.17/turn              (no ring)
MPRegen  0.14/turn              (no ring)

@: infused
A: distributed training, fangs 1, strong nose
a: no special abilities


You were on level 4 of the Dungeon.
You were not hungry.

You visited 1 branch of the dungeon, and saw 4 of its levels.

You collected 144 gold pieces.

Inventory:

Hand Weapons
 a - a +0 spear (weapon)
Armour
 b - a +0 leather armour
 g - a +0 ring mail (worn)
   (You found it on level 1 of the Dungeon)
Scrolls
 f - 6 scrolls of identify
 h - a scroll of enchant weapon {unknown}
 i - 2 scrolls of fear {unknown}
 k - a scroll of amnesia {unknown}
 l - 2 scrolls of teleportation {unknown}
 p - a scroll of enchant armour {unknown}
 t - a scroll of magic mapping {unknown}
 u - a scroll of immolation {unknown}
Potions
 e - 3 potions of cancellation
 j - a potion of ambrosia {unknown}
 m - 5 potions of curing
 n - a potion of haste {unknown}
 o - a potion of might {unknown}
 r - a potion of mutation {unknown}
 s - a potion of agility {unknown}
Books
 c - a book of Battle
Comestibles
 d - 4 rations {@e1}
 q - 4 chunks of flesh {@w0}


   Skills:
 + Level 5.0 Fighting
 + Level 2.1 Short Blades
 + Level 2.1 Long Blades
 + Level 2.1 Axes
 + Level 2.1 Maces & Flails
 + Level 5.0 Polearms
 + Level 2.1 Staves
 + Level 2.1 Slings
 + Level 2.1 Bows
 + Level 2.1 Crossbows
 + Level 2.1 Throwing
 + Level 3.3 Armour
 + Level 5.0 Dodging
 + Level 2.1 Stealth
 + Level 2.1 Shields
 + Level 2.1 Unarmed Combat
 + Level 5.4 Spellcasting
 + Level 1.7 Conjurations
 + Level 1.7 Hexes
 + Level 5.7 Charms
 + Level 1.7 Summonings
 + Level 1.7 Necromancy
 + Level 1.7 Translocations
 + Level 1.7 Transmutations
 + Level 1.7 Fire Magic
 + Level 1.7 Ice Magic
 + Level 1.7 Air Magic
 + Level 1.7 Earth Magic
 + Level 1.7 Poison Magic
 + Level 2.3 Invocations
 + Level 2.1 Evocations


You had 9 spell levels left.
You knew the following spells:

 Your Spells              Type           Power        Failure   Level  Hunger
a - Infusion              Chrm           ###.         2%          1    None
s - Shroud of Golubria    Chrm/Tloc      ###.......   9%          2    #......
z - Spectral Weapon       Hex/Chrm       ###.....     17%         3    ##.....


Dungeon Overview and Level Annotations

Branches:
Dungeon (4/15)
 Temple: D:4-7

Altars:

Shops:
D:4 !

Annotations:
D:4 0gre's ghost, amateur MiBe


Innate Abilities, Weirdness & Mutations

Your experience applies equally to all skills.
You have very sharp teeth.
Your uncanny sense of smell can sniff out nearby items.


Message History

You now have 10/13 mp.
You hit Grinder but do no damage. Grinder barely misses you.
The giant cockroach bites you but does no damage.
You hit Grinder. Grinder gestures at you.
You suddenly lose the ability to move!
The giant cockroach bites you but does no damage.
The giant cockroach barely misses you.
Grinder blinks!
The giant cockroach bites you but does no damage.
The giant cockroach bites you but does no damage.
Grinder blinks!
The giant cockroach bites you but does no damage.
The giant cockroach barely misses you.
The giant cockroach bites you but does no damage. x2
You can move again.
You hit Grinder. The giant cockroach barely misses you.
Grinder barely misses you.
You hit Grinder. The giant cockroach closely misses you.
Grinder barely misses you.
You hit Grinder.
Your shroud begins to fray at the edges.
The giant cockroach closely misses you.
You hit Grinder but do no damage. Grinder misses you.
The giant cockroach bites you but does no damage.
You barely miss Grinder. The giant cockroach barely misses you.
Grinder gestures at you. Pain shoots through your body!
You take 10 damage, and have 40/50 hp.
You hit Grinder but do no damage.
The giant cockroach bites you but does no damage.
Grinder gestures at you. Pain shoots through your body!
You take 8 damage, and have 32/50 hp.
You hit Grinder. The giant cockroach misses you.
Grinder says, "FISH!"
Grinder gestures at you. You resist with significant effort.
You barely miss Grinder. The giant cockroach barely misses you.
Your shroud bends Grinder's attack away!
You barely miss Grinder.
The giant cockroach bites you but does no damage.
Grinder barely misses you.
You barely miss Grinder.
Your shroud unravels.
The giant cockroach barely misses you.
You hit Grinder. Grinder hits you.
You writhe in agony.
The giant cockroach barely misses you.
You take 5 damage, and have 27/50 hp.
You barely miss Grinder. Grinder hits you but does no damage.
The giant cockroach closely misses you.
You begin infusing your attacks with magical energy.
The giant cockroach bites you but does no damage.
Grinder hits you.
You writhe in agony.
You take 4 damage, and have 24/50 hp.
You now have 11/13 mp.
You hit Grinder. The giant cockroach misses you. Grinder misses you.
Your magical contamination has completely faded away.
You now have 10/13 mp.
You hit Grinder. You bite Grinder. The giant cockroach closely misses you.
Grinder gestures at you. Pain shoots through your body!
You take 7 damage, and have 17/50 hp.
You now have 9/13 mp.
You barely miss Grinder. The giant cockroach closely misses you.
Grinder hits you.
* * * LOW HITPOINT WARNING * * *
You writhe in agony.
* * * LOW HITPOINT WARNING * * *
You take 7 damage, and have 10/50 hp.
You barely miss Grinder. The giant cockroach bites you.
* * * LOW HITPOINT WARNING * * *
Grinder blinks!
You take 1 damage, and have 9/50 hp.
The giant cockroach barely misses you. The giant cockroach misses you.
Unknown command.
The giant cockroach bites you but does no damage.
Grinder hits you!
* * * LOW HITPOINT WARNING * * *
You take 8 damage, and have 1/50 hp.
You hit Grinder. The giant cockroach closely misses you. Grinder misses you.
You now have 9/13 mp.
You hit Grinder!
You kill Grinder!
Your Fighting skill increases to level 5!
Your Short Blades skill increases to level 2!
Your Long Blades skill increases to level 2!
Your Axes skill increases to level 2!
Your Maces & Flails skill increases to level 2!
Your Polearms skill increases to level 5!
Your Staves skill increases to level 2!
Your Slings skill increases to level 2!
Your Bows skill increases to level 2!
Your Crossbows skill increases to level 2!
Your Throwing skill increases to level 2!
Your Dodging skill increases to level 5!
Your Stealth skill increases to level 2!
Your Shields skill increases to level 2!
Your Unarmed Combat skill increases to level 2!
Your Evocations skill increases to level 2!
The giant cockroach bites you but does no damage.
You now have 8/14 mp.
You closely miss the giant cockroach. The giant cockroach bites you.
You die...

#.#######.#...$(..#
#.#....##.#.......###
....................
.....##########...#
####.#.....# #...#
...#.#.###)# #...#
##.#.....#.# #...#
##.####>.#.####.s.#
##.......#......@.#
##......#####.#...#
##..........#....##
##......###.######
..####### #.# #.# ...
..# #...#
##########...#
W<......##.5.#


You could see a giant cockroach.

Vanquished Creatures
  Grinder (D:4)
  A scorpion (D:4)
  3 worker ants (D:4)
  2 adders (D:3)
  2 oozes
  A worm (D:3)
  3 dart slugs
  2 leopard geckos
  2 orcs (D:3)
  5 giant cockroaches
  4 goblins
  11 hobgoblins
  9 jackals
  5 kobolds
  A quokka (D:3)
  11 bats
  6 frilled lizards
  7 rats
76 creatures vanquished.

Notes
Turn   | Place    | Note
-------+----------+-------------------------------------------
     0 | D:1      | Firecrotchwizard the Gnoll Skald began the quest for the Orb.
     0 | D:1      | Reached XP level 1. HP: 20/20 MP: 6/6
   192 | D:1      | Reached XP level 2. HP: 16/26 MP: 3/7
   961 | D:1      | Reached XP level 3. HP: 26/31 MP: 9/9
   973 | D:1      | Reached skill level 5 in Spellcasting
  1016 | D:1      | Learned a level 2 spell: Shroud of Golubria
  1020 | D:1      | Learned a level 3 spell: Spectral Weapon
  1381 | D:2      | Reached skill level 1 in Invocations
  1831 | D:2      | Reached skill level 1 in Short Blades
  1831 | D:2      | Reached skill level 1 in Long Blades
  1831 | D:2      | Reached skill level 1 in Axes
  1831 | D:2      | Reached skill level 1 in Maces & Flails
  1831 | D:2      | Reached skill level 1 in Staves
  1831 | D:2      | Reached skill level 1 in Slings
  1831 | D:2      | Reached skill level 1 in Bows
  1831 | D:2      | Reached skill level 1 in Crossbows
  1831 | D:2      | Reached skill level 1 in Throwing
  1831 | D:2      | Reached skill level 1 in Stealth
  1831 | D:2      | Reached skill level 1 in Shields
  1831 | D:2      | Reached skill level 1 in Unarmed Combat
  1831 | D:2      | Reached skill level 1 in Evocations
  2125 | D:3      | Reached XP level 4. HP: 38/38 MP: 8/11
  2603 | D:3      | Reached skill level 1 in Conjurations
  2603 | D:3      | Reached skill level 1 in Hexes
  2603 | D:3      | Reached skill level 1 in Summonings
  2603 | D:3      | Reached skill level 1 in Necromancy
  2603 | D:3      | Reached skill level 1 in Translocations
  2603 | D:3      | Reached skill level 1 in Transmutations
  2603 | D:3      | Reached skill level 1 in Fire Magic
  2603 | D:3      | Reached skill level 1 in Ice Magic
  2603 | D:3      | Reached skill level 1 in Air Magic
  2603 | D:3      | Reached skill level 1 in Earth Magic
  2603 | D:3      | Reached skill level 1 in Poison Magic
  3115 | D:4      | Noticed 0gre's ghost (amateur MiBe)
  3137 | D:4      | Reached XP level 5. HP: 28/43 MP: 4/12
  3339 | D:4      | Reached skill level 3 in Armour
  3625 | D:4      | Found Wuiblo Sets's Distillery.
  3634 | D:4      | Reached XP level 6. HP: 47/50 MP: 5/13
  3768 | D:4      | HP: 1/50 [0gre's ghost (16)]
  4402 | D:4      | Reached skill level 2 in Invocations
  4430 | D:4      | Noticed Grinder
  4458 | D:4      | Paralysed by Grinder for 6 turns
  4480 | D:4      | HP: 11/50 [Grinder (6)]
  4483 | D:4      | HP: 1/50 [Grinder (9)]
  4485 | D:4      | Killed Grinder
  4485 | D:4      | Reached skill level 5 in Fighting
  4485 | D:4      | Reached skill level 2 in Short Blades
  4485 | D:4      | Reached skill level 2 in Long Blades
  4485 | D:4      | Reached skill level 2 in Axes
  4485 | D:4      | Reached skill level 2 in Maces & Flails
  4485 | D:4      | Reached skill level 5 in Polearms
  4485 | D:4      | Reached skill level 2 in Staves
  4485 | D:4      | Reached skill level 2 in Slings
  4485 | D:4      | Reached skill level 2 in Bows
  4485 | D:4      | Reached skill level 2 in Crossbows
  4485 | D:4      | Reached skill level 2 in Throwing
  4485 | D:4      | Reached skill level 5 in Dodging
  4485 | D:4      | Reached skill level 2 in Stealth
  4485 | D:4      | Reached skill level 2 in Shields
  4485 | D:4      | Reached skill level 2 in Unarmed Combat
  4485 | D:4      | Reached skill level 2 in Evocations
  4487 | D:4      | Slain by a giant cockroach

Skill      XL: |  1  2  3  4  5  6 |
---------------+-------------------+-----
Spellcasting   | 5 |  5.4
Invocations    | 1 2 |  2.3
Short Blades   | 1 2 |  2.1
Long Blades    | 1 2 |  2.1
Axes           | 1 2 |  2.1
Maces & Flails | 1 2 |  2.1
Staves         | 1 2 |  2.1
Slings         | 1 2 |  2.1
Bows           | 1 2 |  2.1
Crossbows      | 1 2 |  2.1
Throwing       | 1 2 |  2.1
Stealth        | 1 2 |  2.1
Shields        | 1 2 |  2.1
Unarmed Combat | 1 2 |  2.1
Evocations     | 1 2 |  2.1
Conjurations   | 1 |  1.7
Hexes          | 1 |  1.7
Summonings     | 1 |  1.7
Necromancy     | 1 |  1.7
Translocations | 1 |  1.7
Transmutations | 1 |  1.7
Fire Magic     | 1 |  1.7
Ice Magic      | 1 |  1.7
Air Magic      | 1 |  1.7
Earth Magic    | 1 |  1.7
Poison Magic   | 1 |  1.7
Armour         | 3 |  3.3
Fighting       | 5 |  5.0
Polearms       | 5 |  5.0
Dodging        | 5 |  5.0
Charms         | |  5.7

Action                   |  1- 3 |  4- 6 || total
-------------------------+-------+-------++-------
Melee: Spear             |   141 |   167 ||   308
       Bite              |     9 |     8 ||    17
       Punch             |       |     1 ||     1
 Cast: Infusion          |     9 |    12 ||    21
       Shroud of Golubri |       |     6 ||     6
  Use: Scroll            |       |     4 ||     4
 Stab: Sleeping          |     5 |     4 ||     9
  Eat: Chunk             |     4 |     5 ||     9
       Ration            |       |     1 ||     1
Armor: Leather armour    |    24 |    10 ||    34
       Ring mail         |       |    25 ||    25
Dodge: Dodged            |    82 |    94 ||   176

Vault maps used:
D:1:      evilmike_arrival_hilbert_curve
D:4:      cheibrodos_greedy_goblins, serial_shops, shop, uniq_robin,
          uniq_grinder

Table legend:
 A = Turns spent in this place as a percentage of turns spent in the entire game.
 B = Non-inter-level travel turns spent in this place as a percentage of non-inter-level travel turns spent in the entire game.
 C = Inter-level travel turns spent in this place as a percentage of turns spent in this place.
 D = Turns resting spent in this place as a percentage of non-inter-level travel turns spent in this place.
 E = Turns spent auto-exploring this place as a percentage of non-inter-level travel turns spent in this place.
 F = Non-inter-level travel turns spent in this place divided by the number of levels of this place that you've seen.
                   A       B       C       D       E      F
               +-------+-------+-------+-------+-------+----------------------
         Total | 100.0 | 100.0 |   7.6 |  29.3 |  53.1 | 1036.2
       Dungeon | 100.0 | 100.0 |   7.6 |  29.3 |  53.1 | 1036.2
               +-------+-------+-------+-------+-------+----------------------

Table legend:
 A = Kills in this place as a percentage of kills in entire the game.
 B = Kills by you in this place as a percentage of kills by you in the entire game.
 C = Kills by friends in this place as a percentage of kills by friends in the entire game.
 D = Other kills in this place as a percentage of other kills in the entire game.
 E = Experience gained in this place as a percentage of experience gained in the entire game.
 F = Experience gained in this place divided by the number of levels of this place that you have seen.
                   A       B       C       D       E      F
               +-------+-------+-------+-------+-------+----------------------
         Total | 100.0 | 100.0 |   N/A |   N/A | 100.0 | 150.2
       Dungeon | 100.0 | 100.0 |   N/A |   N/A | 100.0 | 150.2
               +-------+-------+-------+-------+-------+----------------------
